 Dungeon Crawl Stone Soup version 0.22.1-1-ga44c0e5 (webtiles) character file.

97 yevrey the Sneak (level 4, -5/30 HPs)
             Began as a Vampire Enchanter on Sept 25, 2018.
             Slain by a bullfrog (8 damage)
             ... on level 3 of the Dungeon.
             The game lasted 00:09:19 (2168 turns).

yevrey the Sneak (Vampire Enchanter)                Turns: 2168, Time: 00:09:20

Health: -5/30      AC:  3    Str:  7    XL:     4   Next: 42%
Magic:  1/7        EV: 12    Int: 18    God:
Gold:   159        SH:  0    Dex: 14    Spells: 1/7 levels left

rFire    . . .     SeeInvis +   a - +1 dagger
rCold    . . .     Gourm    .   (no shield)
rNeg     . . .     Faith    .   g - +0 leather armour
rPois    .         Spirit   .   (no helmet)
rElec    .         Reflect  .   s - scarf {cloud immunity}
rCorr    .         Harm     .   (no gloves)
MR       .....                  (no boots)
Stlth    +++.......             (no amulet)
HPRegen  0.30/turn              (no ring)
MPRegen  0.10/turn              (no ring)

@: very slightly contaminated, regenerating quickly
A: fangs 3, see invisible, unbreathing
a: no special abilities


You were on level 3 of the Dungeon.
You were full.

You visited 1 branch of the dungeon, and saw 3 of its levels.

You collected 159 gold pieces.

Inventory:

Hand Weapons
 a - a +1 dagger (weapon)
Missiles
 r - 2 poisoned tomahawks (quivered)
Armour
 g - a +0 leather armour (worn)
 s - a scarf of cloud immunity (worn)
Jewellery
 l - an uncursed ring of magical power {unknown}
Scrolls
 b - 2 scrolls of teleportation {unknown}
 c - 4 scrolls of identify {unknown}
 f - a scroll of enchant weapon {unknown}
 h - a scroll of fear {unknown}
 i - a scroll of blinking {unknown}
 m - a scroll of enchant armour {unknown}
 n - a scroll of remove curse {unknown}
 p - a scroll of fog {unknown}
Potions
 d - a potion of blood
 e - 2 potions of heal wounds {unknown}
 j - a potion of experience {unknown}
 k - a potion of curing {unknown}
 o - a potion of agility {unknown}
 q - a potion of might {unknown}


   Skills:
 + Level 1.3 Short Blades
 + Level 0.2 Throwing
 + Level 0.3 Armour
 + Level 2.3 Dodging
 + Level 6.3 Stealth
 + Level 2.2 Spellcasting
 + Level 5.2 Hexes
 + Level 1.1 Ice Magic


You had one spell level left.
You knew the following spells:

 Your Spells              Type           Power        Failure   Level  Hunger
a - Corona                Hex            ###....      3%          1    #......
b - Ensorcelled Hibernat  Hex/Ice        ##....       11%         2    ##.....
c - Confuse               Hex            ###.....     9%          3    ###....

Your spell library contained the following spells:

 Spells                   Type           Power        Failure   Level  Hunger
 Tukima's Dance           Hex            ###.....     9%          3    ###....
 Dazzling Spray           Conj/Hex       ##....       26%         3    ###....


Dungeon Overview and Level Annotations

Branches:
Dungeon (3/15)

Altars:


Innate Abilities, Weirdness & Mutations

Your natural rate of healing is unusually fast.
You have razor-sharp teeth.
You have supernaturally acute eyesight. (SInv)
You can survive without breathing.


Message History

* * * LOW HITPOINT WARNING * * *
Casting: Ensorcelled Hibernation (safe; 11% risk of failure)
Confirm with . or Enter, or press ? or * to list all spells.
Aiming: Ensorcelled Hibernation (safe; 11% risk of failure)
Press: ? - help, Shift-Dir - straight line, f/p - bullfrog
Aim: a bullfrog (chance to defeat MR: 44%)
The bullfrog resists with some effort.
The bullfrog completely misses you.
The bullfrog hits you but does no damage.
The bullfrog completely misses you.
The bullfrog hits you but does no damage.
The bullfrog hits you.
* * * LOW HITPOINT WARNING * * *
You see here a ration.
The bullfrog closely misses you. The bullfrog hits you.
* * * LOW HITPOINT WARNING * * *
Okay, then.
The bullfrog closely misses you. The bullfrog hits you!
You die...

.....##.####### #..##
..#####........ #.##
.........## #.# #...####..#
#.# ###.# ##.## #.# # #.#
#.%####### #######.### # #.#
##.##....# #(......... # #.#
#.##[...######.####.)### .
#.# #.....F@#......# #.##
#.... ###.......###### #.#
##.# ##.....### ###..#
#....†).# ##[..%## #.....#.#
...### # ###.....#.##[# #.
.##.....#....######
###.######.##..)........#....
#..........##########.....#


You could see a bullfrog.

Vanquished Creatures
  A worker ant (D:3)
  4 gnolls (D:2)
  2 dart slugs (D:1)
  2 bats (D:1)
  4 giant cockroaches
  7 goblins
  2 hobgoblins
  4 kobolds
  6 rats
32 creatures vanquished.

Notes
Turn   | Place    | Note
-------+----------+-------------------------------------------
     0 | D:1      | yevrey the Vampire Enchanter began the quest for the Orb.
     0 | D:1      | Reached XP level 1. HP: 13/13 MP: 3/3
   267 | D:1      | Reached skill level 5 in Stealth
   271 | D:1      | Reached XP level 2. HP: 10/19 MP: 1/5
   277 | D:1      | Learned a level 2 spell: Ensorcelled Hibernation
  1303 | D:2      | Reached XP level 3. HP: 24/24 MP: 6/6
  1308 | D:2      | Learned a level 3 spell: Confuse
  1324 | D:2      | Reached skill level 6 in Stealth
  1455 | D:2      | Reached skill level 5 in Hexes
  1479 | D:3      | Reached XP level 4. HP: 30/30 MP: 2/7
  1851 | D:2      | Reached skill level 1 in Ice Magic
  2135 | D:3      | Noticed a bullfrog
  2168 | D:3      | Slain by a bullfrog

Skill      XL: |  1  2  3  4 |
---------------+-------------+-----
Stealth        | 5 6 |  6.3
Hexes          | 5 |  5.2
Ice Magic      | 1 |  1.1
Short Blades   | |  1.3
Throwing       | |  0.2
Armour         | |  0.3
Dodging        | |  2.3
Spellcasting   | |  2.2

Action                   |  1- 3 |  4- 6 || total
-------------------------+-------+-------++-------
Melee: Dagger            |    52 |    21 ||    73
       Bite              |     3 |       ||     3
Throw: Tomahawk          |     3 |     3 ||     6
 Cast: Corona            |     3 |       ||     3
       Ensorcelled Hiber |    10 |     6 ||    16
       Confuse           |       |     1 ||     1
 Stab: Sleeping          |    13 |     4 ||    17
  Eat: Corpse            |     9 |     3 ||    12
Armor: Leather armour    |    11 |     5 ||    16
Dodge: Dodged            |    38 |    23 ||    61
